 Dungeon Crawl Stone Soup version 0.28.0-53-g5a82cb258f (webtiles) character file.

Game seed: 15130431584105211685

221 tizbic2 the Chopper (level 5, 0/32 HPs)
             Began as a Tengu Gladiator on July 19, 2022.
             Slain by a black bear (2 damage)
             ... on level 4 of the Dungeon.
             The game lasted 00:10:47 (3827 turns).

tizbic2 the Chopper (Tengu Gladiator)               Turns: 3827, Time: 00:10:47

Health: 0/32       AC:  9    Str: 16    XL:     5   Next: 98%
Magic:  6/6        EV:  9    Int:  8    God:
Gold:   114        SH:  0    Dex: 16    Spells: 4/4 levels left

rFire   . . .      SeeInvis .   q - +3 dagger
rCold   . . .      Faith    .   (no shield)
rNeg    + . .      Spirit   .   g - +0 chain mail
rPois   .          Reflect  .   c - +0 hat
rElec   .          Harm     .   (no cloak)
rCorr   .          Rampage  .   (no gloves)
Will    +....                   (boots unavailable)
Stlth   ..........              (no amulet)
HPRegen 0.10/turn               h - ring of willpower
MPRegen 0.10/turn               k - ring of positive energy

@: flying quickly and evasively, quick
A: beak, talons 3, nimble flight
a: no special abilities


You were on level 4 of the Dungeon.
You visited 1 branch of the dungeon, and saw 4 of its levels.

You collected 114 gold pieces.

Inventory:

Hand Weapons
 a - a +0 war axe
 q - a +3 dagger (weapon)
 r - a +0 hand axe
Missiles
 d - 3 throwing nets
 n - 97 stones (quivered)
 p - 6 poisoned darts
Armour
 b - a +0 leather armour
 c - a +0 hat (worn)
 g - a +0 chain mail (worn)
Jewellery
 h - a ring of willpower (left hand)
 k - a ring of positive energy (right hand)
Scrolls
 i - a scroll of enchant weapon
 j - a scroll of blinking
 l - a scroll of fog {unknown}
 m - a scroll of teleportation
 s - a scroll of magic mapping
Potions
 e - a potion of might
 f - 2 potions of brilliance
 o - 2 potions of mutation {unknown}
 t - a potion of curing {unknown}


   Skills:
 + Level 3.6 Fighting
 * Level 5.3 Axes
 - Level 2.0 Throwing
 + Level 2.7 Armour
 - Level 3.3 Dodging


You had 4 spell levels left.
You didn't know any spells.
Your spell library contained the following spells:

 Spells                   Type           Power      Damage    Failure   Level
 Animate Skeleton         Necr           0%         N/A       100%        1
 Apportation              Tloc           0%         N/A       100%        1
 Magic Dart               Conj           0%         1d3       100%        1
 Summon Small Mammal      Summ           0%         N/A       100%        1
 Call Imp                 Summ           0%         N/A       100%        2
 Mephitic Cloud           Conj/Pois/Air  0%         N/A       100%        3


Dungeon Overview and Level Annotations

Branches:
Dungeon (4/15)
 Temple: D:4-7

Altars:
Ashenzari
Dithmenos
Yredelemnul


Innate Abilities, Weirdness & Mutations

You have a beak for a mouth.
You have claws for feet.
Your magical nature lets you fly swiftly and evasively.


Message History

The black bear looks even sicker.
The black bear is moderately wounded.
The black bear looks more healthy.
Throw: 7 darts (poison)
Press: ? - help, Shift-Dir - straight line, f/p - black bear
Aim: a black bear (moderately wounded, 69% to hit)
You throw a poisoned dart. The poisoned dart hits the black bear.
The black bear is moderately wounded.
You hit the black bear.
The black bear is heavily wounded.
The black bear bites you but does no damage.
The black bear claws you but does no damage.
The black bear barely misses you.
You hit the black bear. You claw the black bear.
Your peck misses the black bear.
The black bear is severely wounded.
The black bear bites you.
The black bear claws you but does no damage.
The black bear claws you.
You hit the black bear. You claw the black bear.
The black bear is almost dead.
The black bear goes berserk!
You closely miss the black bear. You claw the black bear.
The black bear is almost dead.
The black bear bites you. The black bear claws you. x2
The black bear bites you. The black bear completely misses you.
The black bear claws you but does no damage.
You hit the black bear.
The black bear is almost dead.
The black bear barely misses you. x2; The black bear claws you.
* * * LOW HITPOINT WARNING * * *
You hit the black bear but do no damage.
The black bear is almost dead.
The black bear bites you.
* * * LOW HITPOINT WARNING * * *
The black bear barely misses you. The black bear claws you.
* * * LOW HITPOINT WARNING * * *
The black bear bites you but does no damage.
The black bear claws you.
You die...

.( #.#############
#......(......#
#############.#
..#...#.#####.#
#.#.#.#.......#####
####.#...............#
.....#.#<.......h....#
........###.....@....#
.#####..#.'..........#
.#........#..........#
.#.##..#..############
.#.....#..#
.###...#..#
.......#..#
#####.....# ##.##.###


You could see a black bear (berserk).

Vanquished Creatures
  A water moccasin skeleton (D:3)
  2 iguanas
  A gnoll (D:1)
  3 adders
  An ufetubus (D:4)
  4 orcs (D:3)
  5 bats
  6 endoplasms
  12 giant cockroaches
  7 goblins
  3 hobgoblins
  6 jackals
  4 quokkas
  6 ball pythons
  2 frilled lizards
  5 kobolds
  9 rats
77 creatures vanquished.

Notes
Turn   | Place    | Note
-------+----------+-------------------------------------------
     0 | D:1      | tizbic2 the Tengu Gladiator began the quest for the Orb.
     0 | D:1      | Reached XP level 1. HP: 12/12 MP: 2/2
    63 | D:1      | Reached XP level 2. HP: 7/17 MP: 3/3
   615 | D:1      | Reached skill level 4 in Axes
   670 | D:1      | Reached XP level 3. HP: 20/22 MP: 4/4
  1684 | D:2      | Reached XP level 4. HP: 24/27 MP: 5/5
  2608 | D:3      | Reached skill level 1 in Armour
  2653 | D:3      | Found a broken altar of Ashenzari.
  2663 | D:3      | Reached skill level 5 in Axes
  2778 | D:3      | Found a large runed translucent door.
  2782 | D:3      | Found a large runed translucent door.
  2793 | D:3      | Found a shadowy altar of Dithmenos.
  2802 | D:3      | Gained mutation: Your magical nature lets you fly swiftly
                  | and evasively. [Tengu growth]
  2802 | D:3      | Reached XP level 5. HP: 24/32 MP: 6/6
  2813 | D:3      | Found a basalt altar of Yredelemnul.
  3398 | D:4      | Noticed a black bear
  3827 | D:4      | Slain by a black bear

Illustrated notes

Levels and vault maps discovered:
D:1:      lordsloth_arrival_two_stooges, layout_basic
D:2:      layout_basic
D:3:      minmay_roachtagon, layout_loops_ring, evilmike_ruin_ashenzari,
          jmf_multi_god_temple2
D:4:      layout_basic, minmay_temple_entry_statues_fountains, serial_shops,
          kennysheep_mini_moat, gammafunk_ghost_mausoleum, chequers_garden,
          uniq_natasha

Skill      XL: |  1  2  3  4  5 |
---------------+----------------+-----
Axes           | 4 5 |  5.3
Fighting       | 3 |  3.6
Armour         | 1 2 |  2.7
Throwing       | |  2.0
Dodging        | |  3.3

Action                   |  1- 3 |  4- 6 || total
-------------------------+-------+-------++-------
Melee: War axe           |    69 |    44 ||   113
       Kick              |    14 |    25 ||    39
       Peck              |     9 |    11 ||    20
       Dagger            |       |    41 ||    41
       Punch             |       |     2 ||     2
       Hand axe          |       |     4 ||     4
Throw: Stone             |     2 |     4 ||     6
       Dart              |       |     3 ||     3
  Use: Scroll            |     1 |     4 ||     5
       Potion            |       |     1 ||     1
Armor: Leather armour    |    10 |       ||    10
       Chain mail        |    28 |    55 ||    83
Dodge: Dodged            |    39 |    51 ||    90
